 Dungeon Crawl Stone Soup version 0.28-a0-863-g8cecda6153 (webtiles) character file.

Game seed: 13123616682452114399

157 AvatarAndi78 the Covered (level 5, -3/46 HPs)
             Began as a Minotaur Fighter on Nov 18, 2021.
             Slain by Sigmund (9 damage)
             ... on level 3 of the Dungeon.
             The game lasted 00:03:33 (2606 turns).

AvatarAndi78 the Covered (Minotaur Fighter)         Turns: 2606, Time: 00:03:34

Health: -3/46      AC:  7    Str: 20    XL:     5   Next: 15%
Magic:  4/4        EV:  5    Int:  5    God:
Gold:   136        SH: 12    Dex: 11    Spells: 4/4 levels left

rFire   . . .      SeeInvis .   l - +0 flail (vorpal)
rCold   . . .      Faith    .   e - +0 tower shield
rNeg    . . .      Spirit   .   b - +0 scale mail
rPois   .          Reflect  .   (helmet restricted)
rElec   .          Harm     .   (no cloak)
rCorr   .          Rampage  .   (no gloves)
Will    .....                   (no boots)
Stlth   ..........              (no amulet)
HPRegen 0.15/turn               (no ring)
MPRegen 0.09/turn               (no ring)

@: no status effects
A: horns 2, retaliatory headbutt
a: no special abilities


You were on level 3 of the Dungeon.
You visited 1 branch of the dungeon, and saw 3 of its levels.

You collected 136 gold pieces.

Inventory:

Hand Weapons
 a - a +0 war axe
 l - a +0 vorpal flail (weapon)
Armour
 b - a +0 scale mail (worn)
 e - a +0 tower shield (worn)
Scrolls
 d - a scroll of amnesia {unknown}
 f - a scroll of enchant armour {unknown}
 g - a scroll of vulnerability {unknown}
 h - 2 scrolls of teleportation {unknown}
 i - a scroll of blinking {unknown}
 m - a scroll of identify {unknown}
Potions
 c - a potion of lignification {unknown}
 j - 2 potions of brilliance {unknown}
 k - a potion of degeneration {unknown}
 n - a potion of curing {unknown}


   Skills:
 + Level 4.1 Fighting
 + Level 4.4(4.6) Axes
 + Level 1.2(3.1) Maces & Flails
 + Level 4.6 Armour
 + Level 0.4 Dodging
 + Level 4.4 Shields


You had 4 spell levels left.
You didn't know any spells.
Your spell library contained the following spells:

 Spells                   Type           Power      Damage    Failure   Level
 Ozocubu's Armour         Ice            0%         N/A       100%        3
 Metabolic Englaciation   Hex/Ice        0%         N/A       100%        5
 Simulacrum               Ice/Necr       0%         N/A       100%        6


Dungeon Overview and Level Annotations

Branches:
Dungeon (3/15)

Altars:
Cheibriados

Shops:
D:1 *

Annotations:
D:3 Sigmund


Innate Abilities, Weirdness & Mutations

You have a pair of horns on your head.
You reflexively headbutt those who attack you in melee.


Message History

Moving in this stuff is going to be slow.
You enter the shallow water.
Moving in this stuff is going to be slow.
A bat comes into view.
A bat is nearby!
You block the bat's attack. The bat hits you but does no damage.
You block the bat's attack.
You barely miss the bat. You block the bat's attack. x2
You block the bat's attack. The bat barely misses you. You furiously retaliate!
You headbutt the bat.
You kill the bat!
No target in view!
No target in view!
Unknown command.
No target in view!
No target in view!
No target in view!
Sigmund the Dreaded comes into view.
He is wielding a +0 scythe.
Sigmund shouts!
Sigmund is nearby!
Sigmund hits you with a +0 scythe.
You closely miss Sigmund.
Sigmund casts a spell.
Sigmund flickers and vanishes!
Deactivating autopickup; reactivate with Ctrl-A.
No target in view!
No target in view!
No target in view!
You closely miss something. Something hits you.
You closely miss something. Something hits you.
You miss something. Something hits you!
You closely miss something. Something hits you!
Something hits you but does no damage.
You closely miss something. Your headbutt misses something.
Something hits you but does no damage.
You sock something! Your headbutt misses something. Something hits you!
* * * LOW HITPOINT WARNING * * *
You miss something. Something hits you!
You die...

##......#............##
#......#.......(......
#......##........#....
#.....####......#.....
#.....# #####..#.....
#.....# ###.........##
#.....###...##......##
####.###....##.........#
#.....{@.####..........#
#.......########.....###
#.......##... #.....#
#............###.....###
########. #<#...........
..#.............
..........._.....
...###^.......... ##
#...........


There were no monsters in sight!

Vanquished Creatures
  An orc wizard (D:3)
  3 adders
  4 gnolls (D:2)
  3 worms (D:3)
  A dart slug (D:2)
  2 orcs (D:3)
  A ball python (D:2)
  4 bats
  9 endoplasms
  3 giant cockroaches
  7 goblins
  2 hobgoblins
  5 frilled lizards
  5 kobolds
  5 rats
  A spectral hobgoblin (D:3)
56 creatures vanquished.

Notes
Turn   | Place    | Note
-------+----------+-------------------------------------------
     0 | D:1      | AvatarAndi78 the Minotaur Fighter began the quest for the
                  | Orb.
     0 | D:1      | Reached XP level 1. HP: 19/19 MP: 0/0
   154 | D:1      | Reached XP level 2. HP: 26/27 MP: 1/1
   430 | D:1      | Found Homadd's Assorted Antiques.
   747 | D:2      | Reached XP level 3. HP: 21/33 MP: 2/2
  1371 | D:2      | Reached XP level 4. HP: 4/40 MP: 3/3
  1636 | D:2      | Reached skill level 1 in Maces & Flails
  2196 | D:3      | Found a snail-covered altar of Cheibriados.
  2319 | D:3      | Found a faded altar of an unknown god.
  2410 | D:3      | Reached XP level 5. HP: 43/46 MP: 4/4
  2597 | D:3      | Noticed Sigmund
  2606 | D:3      | Slain by Sigmund

Illustrated notes

Levels and vault maps discovered:
D:1:      scummos_arrival_simple_fountains, layout_rooms, serial_shops, shop,
          minmay_misc_feat_square, minmay_tromino_v4_a
D:2:      layout_basic, st_stairs_14
D:3:      layout_rooms, slow_altar_1, serial_bayou, serial_bayou_pond_c,
          serial_bayou_crossing, serial_bayou_pond_a, serial_bayou_shore_a,
          dreamdust_ecumenical_altar_drowned_temple,
          chequers_serial_rivers_small_a, chequers_serial_rivers_large_a,
          uniq_sigmund

Skill      XL: |  1  2  3  4 |
---------------+-------------+-----
Axes           | 3 4 |  4.4
Shields        | 4 |  4.4
Armour         | 4 |  4.6
Maces & Flails | 1 |  1.2
Fighting       | 4 |  4.1
Dodging        | |  0.4

Action                   |  1- 3 |  4- 6 || total
-------------------------+-------+-------++-------
Melee: War axe           |    81 |     4 ||    85
       Headbutt          |    12 |     7 ||    19
       Flail             |       |    50 ||    50
  Use: Potion            |     1 |       ||     1
Armor: Scale mail        |    31 |    12 ||    43
Dodge: Dodged            |    24 |    10 ||    34
Block: Buckler           |     4 |       ||     4
       Tower shield      |    55 |    35 ||    90

Table legend: (Time is in decaauts)
 A = Elapsed time spent in this place.
 B = Non-inter-level travel time spent in this place.
 C = Inter-level travel time spent in this place.
 D = Time resting spent in this place.
 E = Time spent auto-exploring this place.
 F = Levels seen in this place.
 G = Mean time per level.
                   A        B        C        D        E       F      G
               +--------+--------+--------+--------+--------+-----+--------+
         Total |   2715 |   2685 |     30 |      0 |   2240 |   3 |  905.0 |
       Dungeon |   2715 |   2685 |     30 |      0 |   2240 |   3 |  905.0 |
               +--------+--------+--------+--------+--------+-----+--------+

Top non-repeatable levels by time:
     D:2: 1331 daAuts
     D:1: 699 daAuts
     D:3: 684 daAuts
